 Dungeon Crawl Stone Soup version 0.30-a0-694-g3340775977 (webtiles) character file.

Game seed: 6675909375362817909

178823 Decipherer the Peltast (level 17, -7/160 HPs)
             Began as a Minotaur Berserker on Jan 20, 2023.
             Was a High Priest of Trog.
             Mangled by a deep elf blademaster
             ... wielding a +0 short sword
              (16 damage)
             ... on level 3 of the Elven Halls.
             The game lasted 00:47:57 (27491 turns).

Decipherer the Peltast (Minotaur Berserker)        Turns: 27491, Time: 00:47:57

Health: -7/160     AC: 28    Str: 30    XL:     17   Next: 59%
Magic:  5/5        EV: 16    Int:  4    God:    Trog [*****.]
Gold:   1232       SH: 29    Dex: 12    Spells: 16/16 levels left

rFire   + . .      SeeInvis .    L - +5 demon whip "Spellbinder" {antimagic, disrupt, Will+}
rCold   + . .      Faith    .    c - +4 tower shield
rNeg    . . .      Spirit   .    A - +5 acid dragon scales of Muqilumo {Regen+ rCorr Str+2}
rPois   +          Reflect  +    j - +1 hat of a Gauntlet {rF+ rCorr}
rElec   .          Harm     .    B - +2 cloak
rCorr   +          Rampage  .    P - +2 pair of gloves
Will    ++...                    a - +2 pair of boots
Stlth   +++                      O - amulet of reflection
HPRegen 1.26/turn                d - ring of poison resistance
MPRegen 0.09/turn                r - +4 ring of protection

@: about to teleport, studying Maces & Flails, unable to drink
A: horns 2, retaliatory headbutt, cold resistance 1, deterioration 1, sense
surroundings 1, no potion heal 1, inability to drink after injury 1
a: Renounce Religion, Berserk, Trog's Hand, Brothers in Arms


You were on level 3 of the Elven Halls.
You worshipped Trog.
Trog was extremely pleased with you.
You visited 4 branches of the dungeon, and saw 25 of its levels.
You also visited: Bailey.

You collected 3470 gold pieces.
You spent 2238 gold pieces at shops.

Inventory:

Hand Weapons
 L - the +5 demon whip "Spellbinder" (weapon) {antimagic, disrupt, Will+}
   (You found it in a bailey)

   Will:      It increases your willpower.
 S - the +3 lajatang of Moderation {flame, rPois rF+ rN+ Dex+3}
   (Trog gifted it to you on level 2 of the Elven Halls)

   Dex:       It affects your dexterity (+3).
   rF:        It protects you from fire.
   rPois:     It protects you from poison.
   rN:        It protects you from negative energy.
Missiles
 G - 2 javelins
 H - 5 throwing nets (quivered)
 R - 25 boomerangs
 T - 6 curare-tipped darts
 U - 6 atropa-tipped darts
 Y - 9 poisoned darts
Armour
 a - a +2 pair of boots (worn)
 c - a +4 tower shield (worn)
 j - the +1 hat of a Gauntlet (worn) {rF+ rCorr}
   (You acquired it on level 2 of the Orcish Mines)

   rF:        It protects you from fire.
   rCorr:     It protects you from acid and corrosion.
 l - the +6 scale mail of Inviolability {rPois rF+ Dex+4 Stlth+}
   (You found it on level 13 of the Dungeon)

   Dex:       It affects your dexterity (+4).
   rF:        It protects you from fire.
   rPois:     It protects you from poison.
   Stlth:     It makes you more stealthy.
 A - the +5 acid dragon scales of Muqilumo (worn) {Regen+ rCorr Str+2}
   (You bought it in a shop on level 8 of the Dungeon)

   Str:       It affects your strength (+2).
   Regen:     It increases your rate of health regeneration.
   rCorr:     It protects you from acid and corrosion.
 B - a +2 cloak (worn)
 C - a +0 pair of gloves
 P - a +2 pair of gloves (worn)
Jewellery
 d - a ring of poison resistance (left hand)
 r - a +4 ring of protection (right hand)
 v - a ring of flight
 O - an amulet of reflection (around neck)
Wands
 p - a wand of polymorph (6)
 s - a wand of flame (28)
 t - a wand of charming (8)
 u - a wand of roots (12)
 x - a wand of mindburst (6)
 I - a wand of quicksilver (10)
 J - a wand of digging (6)
Scrolls
 f - 11 scrolls of fear
 g - 4 scrolls of torment
 i - 4 scrolls of poison
 k - 4 scrolls of magic mapping
 n - 2 scrolls of silence
 q - 7 scrolls of vulnerability
 w - 3 scrolls of fog
 y - a scroll of immolation
 K - 5 scrolls of teleportation
 Q - 3 scrolls of butterflies
Potions
 b - 5 potions of flight
 e - 8 potions of heal wounds
 h - 5 potions of might
 m - 11 potions of curing
 o - 10 potions of haste
 z - 3 potions of cancellation
 D - 3 potions of berserk rage
 E - 3 potions of ambrosia
 F - 6 potions of invisibility
 N - 4 potions of lignification
 W - 5 potions of attraction
Miscellaneous
 V - a piece from Xom's chessboard (15/15)


   Skills:
 + Level 16.8 Fighting
 + Level 8.1(13.2) Axes
 + Level 16.3(18.7) Maces & Flails
 + Level 13.1(16.5) Staves
 + Level 8.5 Throwing
 + Level 8.0 Armour
 + Level 14.2 Dodging
 + Level 6.1 Stealth
 + Level 18.9 Shields
 + Level 1.3 Evocations


You had 16 spell levels left.
You didn't know any spells.
Your spell library contained the following spells:

 Spells                   Type           Power      Damage    Failure   Level
 Beastly Appendage        Tmut           0%         N/A       85%         1
 Freeze                   Ice            0%         1d3       85%         1
 Necrotise                Necr           0%         1d4       85%         1
 Blink                    Tloc           0%         N/A       94%         2
 Sublimation of Blood     Necr           0%         N/A       94%         2
 Call Canine Familiar     Summ           0%         N/A       99%         3
 Dazzling Flash           Conj/Hex       0%         N/A       99%         3
 Frozen Ramparts          Ice            0%         1d1       99%         3
 Hailstorm                Conj/Ice       0%         3d3       99%         3
 Kindle Blastsparks       Fire/Tloc/Air  0%         2d10      99%         3
 Mephitic Cloud           Conj/Pois/Air  0%         N/A       99%         3
 Portal Projectile        Hex/Tloc       0%         N/A       99%         3
 Stone Arrow              Conj/Erth      0%         3d7       99%         3
 Vampiric Draining        Necr           0%         2d6       99%         3
 Vhi's Electric Charge    Tloc/Air       0%         N/A       99%         3
 Animate Armour           Summ/Erth      0%         N/A       100%        4
 Leda's Liquefaction      Hex/Erth       0%         N/A       100%        4
 Manifold Assault         Tloc           0%         N/A       100%        4
 Petrify                  Tmut/Erth      0%         N/A       100%        4
 Agony                    Necr           0%         N/A       100%        5
 Blade Hands              Tmut           0%         N/A       100%        5
 Irradiate                Conj/Tmut      0%         3d11      100%        5
 Silence                  Hex/Air        0%         N/A       100%        5
 Summon Forest            Summ/Tloc      0%         N/A       100%        5
 Eringya's Noxious Bog    Tmut/Pois      0%         N/A       100%        6
 Dragon Form              Tmut           0%         N/A       100%        7
 Storm Form               Tmut/Air       0%         N/A       100%        7
 Summon Hydra             Summ           0%         N/A       100%        7
 Borgnjor's Revivificati  Necr           0%         N/A       100%        8
 Lehudib's Crystal Spear  Conj/Erth      0%         10d2      100%        8
 Necromutation            Tmut/Necr      0%         N/A       100%        8
 Death's Door             Necr           0%         N/A       100%        9


Dungeon Overview and Level Annotations

Branches:
Dungeon (15/15)            Temple (0/1) D:5            Lair (5/5) D:11
 Shoals (0/4) Lair:3        Snake (0/4) Lair:3        Slime (0/5) Lair:4
    Orc (2/2) D:12            Elf (3/3) Orc:2        Vaults (0/5) D:14
 Depths (0/4) D:15         Bailey (visited)

Altars:
Ashenzari
Elyvilon
Fedhas
Gozag
Hepliaklqana
Makhleb
Ru
Wu Jian
Xom
Zin
Jiyva

Shops:
D:8 [   D:12 *   Orc:2 :*??   Elf:1 :   Elf:2 *


Innate Abilities, Weirdness & Mutations

You have a pair of horns on your head.
You reflexively headbutt those who attack you in melee.
Your flesh is cold resistant. (rC+)
Your body sometimes deteriorates upon taking damage.
You passively map a small area around you.
Potions are less effective at restoring your health.
You occasionally lose the ability to drink potions when taking damage.


Message History

Something is bathed in an unholy light!
The deep elf pyromancer convulses!
The deep elf master archer convulses!
The orc sorcerer convulses!
The deep elf sorcerer convulses!
The deep elf demonologist convulses! x2
The deep elf death mage convulses!
The deep elf sorcerer convulses!
The deep elf blademaster convulses!
Your body is wracked with pain!
You feel threatened and lose the ability to drink potions!
* * * LOW HITPOINT WARNING * * *
The deep elf sorcerer casts a spell.
The deep elf sorcerer seems to speed up.
The deep elf zephyrmancer gestures wildly while chanting.
The deep elf zephyrmancer blinks!
The deep elf demonologist gestures wildly while chanting.
You block the deep elf blademaster's attack.
The deep elf blademaster hits you with a +0 short sword.
* * * LOW HITPOINT WARNING * * *
Things that are here:
a +0 longbow; a +0 leather armour
As you read the scroll of teleportation, it crumbles to dust.
You feel strangely unstable.
You block the deep elf blademaster's attack. x2
The orc sorcerer gestures wildly while chanting.
The deep elf demonologist gestures wildly while chanting.
The deep elf demonologist casts a spell.
You barely miss the deep elf blademaster.
The deep elf blademaster is almost dead.
The deep elf blademaster hits you with a +0 short sword.
* * * LOW HITPOINT WARNING * * *
You block the deep elf blademaster's attack.
The deep elf annihilator casts a spell.
The deep elf annihilator blinks!
The deep elf pyromancer casts a spell.
The deep elf pyromancer blinks!
The deep elf sorcerer shouts, "You can't withstand my power!"
You cannot drink potions in your current state!
You miss the deep elf blademaster.
The deep elf blademaster is almost dead.
The deep elf blademaster hits you with a +0 short sword!
* * * LOW HITPOINT WARNING * * *
The deep elf blademaster hits you with a +0 short sword!
You die... ......###...... , .......#e...... ......2e11..... , , ...e☼.44e4(e... , ...○2e.3e33e..., , , , , , #2.eeeeeee#

, ###eeeeo### * ###e### , *
#@# ** #)# #)# #)# #)# #.#
############.################
#............................
#.....................).....)


You could see a Tzitzimitl (summoned), 2 deep elf blademasters, an Ice Fiend
(summoned), a hell beast (summoned), a balrug (summoned), a deep elf master
archer, a deep elf annihilator, a deep elf death mage, 3 deep elf sorcerers, 2
soul eaters, a sun demon (summoned), 3 deep elf demonologists, 2 deep elf
archers, an ice devil (summoned), a deep elf pyromancer, 2 deep elf
zephyrmancers, a chaos spawn (summoned), a red devil (summoned) and a +0 flail
of holy wrath.

Vanquished Creatures
  3 deep elf master archers (Elf:3)
  2 deep elf blademasters
  Frances (D:12)
  An orc warlord (D:12)
  A deep elf elementalist (Elf:3)
  Aizul (Elf:2)
  The ghost of brujo666 the Spear-Bearer, a journeyman DsGl of Gozag (Orc:2)
  2 deep elf demonologists
  2 deep elf annihilators
  2 dire elephants (Lair:3)
  Azrael (D:15)
  The ghost of TimeIsEndless the Fighter, a journeyman OgRe of Cheibriados (D:12)
  An ettin (Orc:2)
  A deep elf high priest (Elf:1)
  5 deep elf death magi
  A fire dragon (D:15)
  Fannar (D:12)
  5 hydras
  An ice dragon (D:15)
  An ogre mage (D:12)
  A catoblepas (D:14)
  4 boulder beetles
  3 anacondas (Lair:3)
  6 centaur warriors
  23 dancing weapons
  An alligator (Lair:3)
  8 two-headed ogres
  2 tengu warriors
  11 death yaks (Lair:5)
  6 orc high priests
  12 deep elf knights
  8 skeletal warriors
  2 sea snakes (Lair:5)
  12 deep elf archers
  A phantasmal warrior (D:14)
  An orange crystal statue (Elf:2)
  2 slime creatures (D:13)
  32 deep elf pyromancers
  2 lindwurms
  8 orc knights
  A harpy (Lair:5)
  22 deep elf zephyrmancers
  11 ugly things
  3 orc sorcerers
  6 cyclopes
  5 manticores
  2 oklob plants
  2 fauns (shapeshifter) (D:12)
  10 elephants
  2 black mambas
  Maurice (D:11)
  A merfolk siren (Lair:3)
  2 torpor snails (Lair:5)
  Maggie (D:10)
  9 cane toads
  6 komodo dragons
  Psyche (D:8)
  A kobold demonologist (Bailey)
  A freezing wraith (D:9)
  3 efreet
  6 rime drakes
  A komodo dragon (shapeshifter) (D:9)
  3 trolls
  2 tengu conjurers (D:13)
  2 queen bees (shapeshifter)
  A meliai (shapeshifter) (D:12)
  4 hornets
  2 polar bears
  19 blink frogs
  A tarantella (shapeshifter) (D:15)
  A centaur simulacrum (D:14)
  2 air elementals
  A culicivora (shapeshifter) (D:7)
  6 water elementals
  3 shadows
  Eustachio (D:4)
  A spriggan (shapeshifter) (Elf:3)
  A wraith (D:12)
  5 wyverns
  75 yaks
  5 basilisks
  4 fire bats (D:13)
  4 fire elementals
  4 steam dragons
  Grum (D:8)
  2 humans (shapeshifter)
  A steam dragon (shapeshifter) (D:15)
  4 vampire mosquitoes (D:12)
  Menkaure (D:4)
  3 neqoxecs (D:12)
  3 wargs
  3 nagas (Lair:3)
  2 acid dragons
  15 water moccasins
  4 hell hounds
  45 orc warriors
  3 ice beasts
  2 black bears
  8 ogres
  12 wolves
  25 centaurs
  3 boggarts (D:14)
  A tengu (shapeshifter) (D:12)
  A phantom (D:7)
  3 kobold brigands
  10 bullfrogs
  4 scorpions
  6 earth elementals
  2 necrophages
  17 wights
  9 killer bees
  3 electric eels
  3 lava snakes
  A jelly (D:8)
  11 hounds
  Crazy Yiuf (D:4)
  A gnoll bouda (D:7)
  39 orc priests
  An iguana (D:5)
  24 orc wizards
  A hell rat (Lair:3)
  10 adders
  9 gnolls
  2 white imps
  A worm (D:2)
  3 dart slugs
  84 orcs
  4 bats
  4 endoplasms
  2 giant cockroaches
  11 goblins
  12 hobgoblins
  9 jackals
  16 kobolds
  3 quokkas
  6 ball pythons
  4 frilled lizards
  3 rats
  3 fire vortices (D:13)
884 creatures vanquished.

Vanquished Creatures (collateral kills)
  4 dancing weapons (Elf:2)
  Sonja (D:12)
  A glowing orange brain (D:12)
  A deep elf zephyrmancer (Elf:3)
  A cyclops (Orc:2)
  4 ugly things (D:12)
  A guardian serpent (shapeshifter) (D:12)
  A fire elemental (D:15)
  3 orc warriors
  A boggart (D:14)
  2 ogres
  A kobold brigand (D:7)
  A wight (D:8)
  A gnoll bouda (D:7)
  A hound (D:7)
  4 gnolls (D:7)
  3 hobgoblins (D:7)
31 creatures vanquished.

Vanquished Creatures (others)
  Nessos (D:12)
  A merfolk avatar (Lair:5)
  4 deep elf knights
  A deep elf pyromancer (Elf:1)
  16 fungi
  22 plants
45 creatures vanquished.

Grand Total: 960 creatures vanquished

Notes
Turn   | Place    | Note
-------+----------+-------------------------------------------
     0 | D:1      | Decipherer the Minotaur Berserker began the quest for the
                  | Orb.
     0 | D:1      | Reached XP level 1. HP: 19/19 MP: 0/0
   598 | D:1      | Reached XP level 2. HP: 27/27 MP: 1/1
   889 | D:2      | Reached XP level 3. HP: 28/34 MP: 2/2
  1480 | D:3      | Reached XP level 4. HP: 29/41 MP: 3/3
  1483 | D:3      | Reached ** piety under Trog
  1484 | D:3      | Reached skill level 5 in Fighting
  1484 | D:3      | Reached skill level 5 in Axes
  1689 | D:3      | Found a faded altar of an unknown god.
  1920 | D:3      | Reached XP level 5. HP: 43/48 MP: 4/4
  2084 | D:3      | Found a sacrificial altar of Ru.
  2533 | D:4      | Found an opulent altar of Gozag.
  2534 | D:4      | Noticed Eustachio
  2538 | D:4      | Noticed Menkaure
  2546 | D:4      | Killed Eustachio
  2552 | D:4      | HP: 2/73 [Menkaure (10)]
  2553 | D:4      | Killed Menkaure
  2554 | D:4      | Reached skill level 1 in Stealth
  2554 | D:4      | Reached XP level 6. HP: 3/57 MP: 5/5
  3090 | D:4      | Found a runed translucent door.
  3091 | D:4      | Noticed Crazy Yiuf
  3280 | D:4      | Reached *** piety under Trog
  3314 | D:4      | Reached XP level 7. HP: 28/63 MP: 6/6
  3945 | D:4      | Killed Crazy Yiuf
  4100 | D:5      | Entered Level 5 of the Dungeon
  4437 | D:5      | Found a staircase to the Ecumenical Temple.
  4466 | D:5      | Reached skill level 1 in Staves
  4888 | D:5      | Reached XP level 8. HP: 60/71 MP: 7/7
  5031 | D:6      | Reached skill level 5 in Dodging
  5209 | D:6      | Reached skill level 5 in Staves
  5391 | D:6      | Reached **** piety under Trog
  5684 | D:7      | Identified the +0 leather armour of the Lost Path {-Tele
                  | rF+ rN+ Will+}
  5721 | D:7      | Reached XP level 9. HP: 76/81 MP: 8/8
  6834 | D:8      | Found Argus's Dragon-Slaying Spoils.
  6897 | D:8      | Noticed Psyche
  6910 | D:8      | Killed Psyche
  6971 | D:8      | Reached XP level 10. HP: 80/91 MP: 9/9
  7043 | D:8      | Found a burning altar of Makhleb.
  7043 | D:8      | Found a blossoming altar of Fedhas.
  7045 | D:8      | Found a glowing silver altar of Zin.
  7045 | D:8      | Found a white marble altar of Elyvilon.
  7051 | D:8      | Found a hazy altar of Hepliaklqana.
  7416 | D:8      | Reached skill level 1 in Evocations
  7420 | D:8      | Reached skill level 10 in Staves
  7631 | D:8      | Noticed Grum
  7641 | D:8      | Killed Grum
  7928 | D:9      | Found a flagged portal.
  7953 | Bailey   | Entered a bailey
  8162 | Bailey   | Noticed an orc sorcerer
  8166 | Bailey   | Reached skill level 1 in Shields
  8170 | Bailey   | Noticed a soul eater
  8170 | Bailey   | Paralysed by an orc sorcerer for 2 turns
  8175 | Bailey   | Killed an orc sorcerer
  8345 | Bailey   | Found an iron altar of Okawaru.
  8347 | Bailey   | Noticed an orc knight
  8353 | Bailey   | Noticed a sun demon
  8361 | Bailey   | Killed an orc knight
  8366 | Bailey   | Noticed a smoke demon
  8367 | Bailey   | Reached skill level 10 in Fighting
  8369 | Bailey   | Reached skill level 2 in Shields
  8560 | Bailey   | Found the +5 demon whip "Spellbinder" {antimagic, disrupt,
                  | Will+}
  8583 | Bailey   | Got the Tome of Alteration
  8867 | Bailey   | Reached XP level 11. HP: 86/100 MP: 10/10
  8999 | D:9      | Acquired 786 gold pieces
  9195 | D:9      | Found an ornate altar of the Wu Jian Council.
  9286 | D:9      | Got Posene's Collected Works on Breath
  9409 | D:9      | Reached skill level 3 in Shields
  9740 | D:9      | Reached ***** piety under Trog
 10476 | D:10     | Entered Level 10 of the Dungeon
 10643 | D:10     | Noticed Maggie
 10667 | D:10     | Killed Maggie
 10840 | D:10     | Found a broken altar of Ashenzari.
 11098 | D:10     | You fall into a shaft and drop 2 floors!
 11102 | D:11     | Noticed Maurice
 11127 | D:11     | Noticed a two-headed ogre
 11139 | D:11     | Reached skill level 5 in Armour
 11142 | D:11     | Killed a two-headed ogre
 11143 | D:11     | Reached skill level 1 in Maces & Flails
 11218 | D:11     | Killed Maurice
 11231 | D:11     | Reached skill level 4 in Shields
 11340 | D:11     | Noticed a purple ugly thing
 11355 | D:11     | Found a staircase to the Lair.
 11361 | D:11     | Killed a purple ugly thing
 11565 | D:11     | Noticed a two-headed ogre
 11576 | D:11     | Killed a two-headed ogre
 11577 | D:11     | Reached XP level 12. HP: 107/110 MP: 3/11
 11755 | D:11     | Reached skill level 5 in Stealth
 11760 | D:11     | Identified the +3 dagger "Ole Egea" {spect, rElec rC-
                  | Dex+4}
 11971 | D:12     | Noticed a boulder beetle
 11991 | D:12     | Killed a boulder beetle
 11992 | D:12     | Reached skill level 5 in Shields
 12235 | D:12     | Found a staircase to the Orcish Mines.
 12345 | D:12     | Reached skill level 5 in Maces & Flails
 12419 | D:12     | Noticed Fannar
 12432 | D:12     | Killed Fannar
 12549 | D:12     | Noticed Nessos
 12559 | D:12     | Killed Nessos
 12654 | D:12     | Noticed Sonja
 12658 | D:12     | Reached skill level 6 in Shields
 12660 | D:12     | Killed Sonja
 12683 | D:12     | Found Huvac's Assorted Antiques.
 12764 | D:12     | Bought a scroll of identify for 50 gold pieces
 12764 | D:12     | Bought a scroll labelled UTWE LEOTOYZUONOF for 25 gold
                  | pieces
 12764 | D:12     | Bought a scroll labelled DIASKULOAW for 25 gold pieces
 12764 | D:12     | Bought a large golden ring for 125 gold pieces
 13017 | D:12     | Reached skill level 1 in Throwing
 13179 | D:12     | Reached skill level 7 in Shields
 13443 | D:12     | Noticed Frances
 13454 | D:12     | Killed Frances
 13540 | D:12     | Found a runed translucent gate.
 13540 | D:12     | Found a runed translucent gate.
 13541 | D:12     | Found a runed translucent gate.
 13830 | D:12     | Reached skill level 10 in Dodging
 13836 | D:12     | Found a runed translucent gate.
 13836 | D:12     | Found a runed translucent gate.
 13838 | D:12     | Reached XP level 13. HP: 103/119 MP: 4/12
 13850 | D:12     | Found a runed translucent gate.
 13851 | D:12     | Noticed TimeIsEndless's ghost (journeyman OgRe)
 13977 | D:12     | Killed TimeIsEndless's ghost
 14015 | D:12     | Gained mutation: You expend magic power (3 MP) to
                  | strengthen your wands. [potion of mutation]
 14015 | D:12     | Gained mutation: You are partially covered in large bone
                  | plates. (SH +4) [potion of mutation]
 14017 | D:12     | Gained mutation: Your magical capacity is low. (-10% MP)
                  | [mutagenic glow]
 14036 | D:12     | Gained mutation: Your body sometimes deteriorates upon
                  | taking damage. [mutagenic glow]
 14110 | D:12     | Lost mutation: Your magical capacity is low. (-10% MP)
                  | [potion of mutation]
 14110 | D:12     | Lost mutation: Your body sometimes deteriorates upon taking
                  | damage. [potion of mutation]
 14110 | D:12     | Lost mutation: You are partially covered in large bone
                  | plates. (SH +4) [potion of mutation]
 14110 | D:12     | Gained mutation: You are robust. (+10% HP) [potion of
                  | mutation]
 14110 | D:12     | Gained mutation: You occasionally lose the ability to drink
                  | potions when taking damage. [potion of mutation]
 14110 | D:12     | Gained mutation: You have hidden genetic potential. [potion
                  | of mutation]
 14110 | D:12     | Gained mutation: Your flesh is heat resistant. (rF+)
                  | [potion of mutation]
 14111 | D:12     | Lost mutation: You expend magic power (3 MP) to strengthen
                  | your wands. [potion of mutation]
 14111 | D:12     | Lost mutation: You are robust. (+10% HP) [potion of
                  | mutation]
 14111 | D:12     | Lost mutation: Your flesh is heat resistant. (rF+) [potion
                  | of mutation]
 14111 | D:12     | Gained mutation: You have an increased reservoir of magic.
                  | (+10% MP) [potion of mutation]
 14111 | D:12     | Gained mutation: You are frail. (-10% HP) [potion of
                  | mutation]
 14111 | D:12     | Gained mutation: You expend magic power (3 MP) to
                  | strengthen your wands. [potion of mutation]
 14112 | D:12     | Lost mutation: You have an increased reservoir of magic.
                  | (+10% MP) [potion of mutation]
 14112 | D:12     | Lost mutation: You have hidden genetic potential. [potion
                  | of mutation]
 14112 | D:12     | Gained mutation: You are resistant to electric shocks.
                  | (rElec) [potion of mutation]
 14112 | D:12     | Gained mutation: You have a somewhat thin skeletal
                  | structure. (Dex +2, Stealth+) [potion of mutation]
 14112 | D:12     | Gained mutation: Your flesh is cold resistant. (rC+)
                  | [potion of mutation]
 14113 | D:12     | Lost mutation: You are frail. (-10% HP) [potion of
                  | mutation]
 14113 | D:12     | Lost mutation: You expend magic power (3 MP) to strengthen
                  | your wands. [potion of mutation]
 14113 | D:12     | Gained mutation: You have an increased reservoir of magic.
                  | (+10% MP) [potion of mutation]
 14284 | D:8      | Bought the +5 acid dragon scales of Muqilumo {Regen+ rCorr
                  | Str+2} for 1066 gold pieces
 14406 | Lair:1   | Entered Level 1 of the Lair of Beasts
 14451 | Orc:1    | Entered Level 1 of the Orcish Mines
 14451 | Orc:1    | Noticed an orc warlord
 14479 | D:12     | Killed an orc warlord
 14480 | D:12     | Reached skill level 8 in Shields
 14571 | Orc:1    | Reached skill level 10 in Maces & Flails
 14669 | Orc:1    | Paralysed by an orc sorcerer for 4 turns
 14967 | Orc:2    | Entered Level 2 of the Orcish Mines
 15024 | Orc:2    | Found a runed translucent gate.
 15024 | Orc:2    | Found a runed translucent gate.
 15024 | Orc:2    | Found a runed translucent gate.
 15044 | Orc:2    | Found a staircase to the Elven Halls.
 15050 | Orc:2    | Noticed an ettin
 15062 | Orc:2    | Killed an ettin
 15063 | Orc:2    | Reached skill level 9 in Shields
 15226 | Orc:2    | Noticed brujo666's ghost (journeyman DsGl)
 15589 | Orc:2    | Received a gift from Trog
 15728 | Orc:2    | Reached skill level 5 in Throwing
 16277 | Orc:2    | Reached XP level 14. HP: 38/129 MP: 4/14
 16397 | Orc:2    | Found Illaheji's Book Emporium.
 16400 | Orc:2    | Found Xaliofaisi's Magic Scroll Emporium.
 16401 | Orc:2    | Found Bemoh's Assorted Antiques.
 16402 | Orc:2    | Found Awnennel's Magic Scroll Shoppe.
 16405 | Orc:2    | Bought a bubbling silvery potion for 18 gold pieces
 16405 | Orc:2    | Bought a brightly glowing mace for 160 gold pieces
 16405 | Orc:2    | Identified the +5 mace "Ynuth" {flame, rCorr Str+3} (You
                  | bought it in a shop on level 2 of the Orcish Mines)
 16405 | Orc:2    | Bought a potion of haste for 200 gold pieces
 16405 | Orc:2    | Bought a wand of flame (8) for 112 gold pieces
 16406 | Orc:2    | Bought a scroll of blinking for 112 gold pieces
 16406 | Orc:2    | Bought a scroll of fear for 60 gold pieces
 16406 | Orc:2    | Bought 3 scrolls of identify for 90 gold pieces
 16406 | Orc:2    | Bought a scroll of butterflies for 60 gold pieces
 16408 | Orc:2    | Bought a scroll of teleportation for 45 gold pieces
 16408 | Orc:2    | Bought 2 scrolls of teleportation for 90 gold pieces
 16507 | Orc:2    | Killed brujo666's ghost
 16533 | Orc:2    | Acquired the +1 hat of a Gauntlet {rF+ rCorr}
 16840 | D:13     | Identified the +6 scale mail of Inviolability {rPois rF+
                  | Dex+4 Stlth+}
 16847 | D:13     | Reached skill level 10 in Shields
 17616 | D:14     | Received a gift from Trog
 17662 | D:14     | Found a shimmering altar of Xom.
 17898 | D:14     | Reached skill level 11 in Shields
 18129 | D:14     | Found a gate to the Vaults.
 18654 | D:15     | Entered Level 15 of the Dungeon
 19090 | D:15     | Reached skill level 12 in Shields
 19326 | D:15     | Found a staircase to the Depths.
 19347 | D:15     | Reached XP level 15. HP: 66/138 MP: 5/15
 19537 | D:15     | Noticed Azrael
 19561 | D:15     | Killed Azrael
 20153 | Lair:1   | Received a gift from Trog
 21168 | Lair:3   | You fall into a shaft and drop 1 floor!
 21232 | Lair:4   | Reached skill level 13 in Shields
 21735 | Lair:3   | Found a staircase to the Shoals.
 22001 | Lair:3   | Found a staircase to the Snake Pit.
 22427 | Lair:4   | Found a viscous altar of Jiyva.
 22428 | Lair:4   | Found a staircase to the Slime Pits.
 22439 | Lair:4   | Reached skill level 14 in Shields
 22968 | Lair:4   | Lost mutation: You have an increased reservoir of magic.
                  | (+10% MP) [potion of mutation]
 22968 | Lair:4   | Lost mutation: You have a somewhat thin skeletal structure.
                  | (Dex +2, Stealth+) [potion of mutation]
 22968 | Lair:4   | Gained mutation: Your body sometimes deteriorates upon
                  | taking damage. [potion of mutation]
 22968 | Lair:4   | Gained mutation: Potions are less effective at restoring
                  | your health. [potion of mutation]
 22968 | Lair:4   | Lost mutation: You are resistant to electric shocks.
                  | (rElec) [potion of mutation]
 22968 | Lair:4   | Gained mutation: You passively map a small area around you.
                  | [potion of mutation]
 22984 | Lair:5   | Entered Level 5 of the Lair of Beasts
 23010 | Lair:5   | Received a gift from Trog
 23249 | Lair:5   | Reached skill level 15 in Shields
 23289 | Lair:5   | Reached XP level 16. HP: 74/147 MP: 5/15
 23530 | Lair:5   | Reached skill level 15 in Fighting
 23611 | Lair:5   | Received a gift from Trog
 24200 | Lair:5   | Acquired a manual of Maces & Flails
 24355 | Elf:1    | Entered Level 1 of the Elven Halls
 24376 | Elf:1    | Found Zaceor's Book Emporium.
 24422 | Elf:1    | Reached skill level 16 in Shields
 24593 | Elf:1    | Reached ****** piety under Trog
 24637 | Elf:1    | Found a shimmering altar of Xom.
 25192 | Elf:2    | Found a runed translucent gate.
 25193 | Elf:2    | Found a runed translucent gate.
 25195 | Elf:2    | Identified the +3 lajatang of Moderation {flame, rPois rF+
                  | rN+ Dex+3} (Trog gifted it to you on level 2 of the Elven
                  | Halls)
 25195 | Elf:2    | Received a gift from Trog
 25196 | Elf:2    | Found a runed translucent gate.
 25257 | Elf:2    | Noticed a deep elf blademaster
 25276 | Elf:2    | Killed a deep elf blademaster
 25281 | Elf:2    | Reached skill level 17 in Shields
 25300 | Elf:2    | Found Kimiosir's General Store.
 25417 | Elf:2    | Noticed Aizul
 25462 | Elf:2    | Killed Aizul
 25600 | Elf:2    | Reached skill level 15 in Maces & Flails
 25952 | Elf:2    | Reached XP level 17. HP: 158/158 MP: 5/16
 26083 | Elf:2    | Paralysed by an air elemental for 1 turns
 26089 | Elf:2    | Paralysed by an air elemental for 1 turns
 26421 | Elf:2    | Reached skill level 18 in Shields
 26549 | Elf:3    | Entered Level 3 of the Elven Halls
 26561 | Elf:3    | Received a gift from Trog
 27404 | Elf:3    | Noticed a deep elf master archer
 27406 | Elf:3    | Noticed a deep elf blademaster
 27407 | Elf:3    | Noticed a deep elf master archer
 27449 | Elf:3    | Killed a deep elf blademaster
 27470 | Elf:3    | Noticed a deep elf master archer
 27470 | Elf:3    | Killed a deep elf master archer
 27475 | Elf:3    | Noticed a deep elf master archer
 27477 | Elf:3    | Noticed a deep elf blademaster
 27481 | Elf:3    | Killed a deep elf master archer
 27481 | Elf:3    | Noticed a Brimstone Fiend
 27482 | Elf:3    | Noticed an Ice Fiend
 27483 | Elf:3    | Noticed a deep elf blademaster
 27484 | Elf:3    | Killed a deep elf master archer
 27489 | Elf:3    | Noticed a Tzitzimitl
 27491 | Elf:3    | Mangled by a deep elf blademaster

Illustrated notes

Levels and vault maps discovered:
D:1:      wander_arrival_peaceful_grave, layout_basic
D:2:      layout_loops_cross
D:3:      layout_basic, nicolae_ru_path_of_blood,
          shapermc_ecumenical_altar_mp_urbaneastern
D:4:      layout_basic, nicolae_gozag_cash_rules_everything_around_me,
          serial_rivers, chequers_serial_rivers_small_3,
          chequers_serial_rivers_large_b, chequers_serial_rivers_small_a,
          chequers_serial_rivers_marsh, chequers_serial_rivers_room_b,
          chequers_serial_rivers_room_b, uniq_eustachio, uniq_menkaure,
          uniq_crazy_yiuf_cottage
D:5:      layout_basic, minmay_temple_entry_waves, chequers_decorated_corner,
          cheibrodos_gnoll_hut
D:6:      layout_basic, serial_glass, glass_columns_b, glass_columns_c,
          minmay_a_box_with_orc_wizards_in_it
D:7:      kennysheep_housing_project, layout_loops_ring
D:8:      layout_rooms, grunt_temple_overflow_open, nicolae_shop_dragon_depot,
          nicolae_kite_square_tiling_tiny, uniq_grum, uniq_psyche
D:9:      layout_irregular_city, lemuel_doored_altar, enter_bailey_7,
          minmay_radiant
D:10:     layout_gridville, nicolae_ashenzari_skybound, uniq_lodul, uniq_maggie
D:11:     layout_rooms, lair_entry_dummy, uniq_maurice
D:12:     layout_loops_corners, orc_0_dummy, serial_shops, shop,
          ploomutoo_gammafunk_ghost_potion_laboratory, uniq_sonja, uniq_frances,
          uniq_fannar, uniq_nessos
D:13:     layout_loops_cross, hangedman_incinerator
D:14:     layout_gridville, david_vaults_4, old_standard_altar
D:15:     grunt_enter_depths_hoard, layout_basic, grunt_decor_junction,
          moated_statue, uniq_azrael
Lair:1:   layout_loops_ring, portal_ice_cave_entry_pillars_2, grunt_megastairs_1
Lair:2:   layout_roguey, chequers_serial_rivers_marsh
Lair:3:   layout_gridlike, minmay_shoals_entry_lonely_mermaid,
          nicolae_snake_entry_squirm, minivault_27, nicolae_lair_lakeside_cave,
          infiniplex_staircase_pool_2
Lair:4:   layout_roguey, slime_entry_1, serial_bayou_shore_a, lemuel_fruit_tree,
          infiniplex_staircase_pool
Lair:5:   gammafunk_lair_ancient_temple, layout_gridlike, serial_rivers,
          chequers_serial_rivers_micro_c, chequers_serial_rivers_room_b,
          chequers_serial_rivers_small_3, chequers_serial_rivers_large_a,
          chequers_serial_rivers_micro_e
Orc:1:    layout_diamond_mine
Orc:2:    st_orc_pillars, layout_caves, gammafunk_ghost_split, basic_altar
Elf:1:    layout_geoelf_octagon, basic_altar, serial_shops,
          nicolae_shop_hallway_plus, hangedman_elf_represent
Elf:2:    nicolae_elf_blades_crystal_corner, layout_rooms, serial_shops,
          nicolae_shop_crystal, minivault_16, uniq_aizul
Elf:3:    minmay_elf_hall, layout_onion_city, nicolae_wwwww

Skill      XL: |  1  2  3  4  5  6  7  8  9 10 11 12 13 14 15 16 17 |
---------------+----------------------------------------------------+-----
Axes           | 4 5 6 7 8 |  8.1
Fighting       | 4 5 6 7 9 10 11 12 13 14 16 | 16.8
Dodging        | 3 4 5 7 8 9 10 11 12 13 14 | 14.2
Stealth        | 1 2 3 4 5 6 |  6.1
Staves         | 1 6 9 11 13 | 13.1
Armour         | 3 4 5 6 7 8 |  8.0
Evocations     | 1 |  1.3
Shields        | 2 4 7 9 12 15 17 18 | 18.9
Maces & Flails | 4 8 11 12 13 15 16 | 16.3
Throwing       | 3 5 8 |  8.5

Action                   |  1- 3 |  4- 6 |  7- 9 | 10-12 | 13-15 | 16-18 || total
-------------------------+-------+-------+-------+-------+-------+-------++-------
Melee: Hand axe          |    53 |   104 |    13 |       |       |       ||   170
       Headbutt          |     5 |     8 |    36 |   120 |   354 |   148 ||   671
       Punch             |       |     1 |       |       |       |       ||     1
       Quarterstaff      |       |       |   211 |   291 |       |       ||   502
       Demon whip        |       |       |       |   226 |  1333 |   774 ||  2333
Throw: Dart              |       |       |       |    24 |   273 |       ||   297
       Boomerang         |       |       |       |       |    61 |       ||    61
       Javelin           |       |       |       |       |    32 |       ||    32
Invok: Berserk           |       |     3 |     5 |    19 |    13 |     7 ||    47
       Brothers in Arms  |       |       |     2 |     5 |     3 |     2 ||    12
       Trog's Hand       |       |       |     1 |       |       |     1 ||     2
Evoke: Wand              |       |       |     5 |       |       |       ||     5
  Use: Potion            |       |       |     2 |     1 |     6 |     5 ||    14
       Scroll            |       |       |       |    17 |    24 |     6 ||    47
 Stab: Sleeping          |       |       |     4 |     2 |    10 |     2 ||    18
       Confused          |       |       |       |     1 |       |       ||     1
       Distracted        |       |       |       |       |     1 |       ||     1
Armor: Animal skin       |     3 |    12 |    50 |       |       |       ||    65
       Skin              |       |       |    84 |       |       |       ||    84
       Leather armour    |       |       |    24 |   122 |     3 |       ||   149
       Acid dragon scale |       |       |       |       |   323 |   192 ||   515
Dodge: Dodged            |    31 |    71 |   139 |   230 |   383 |   141 ||   995
Block: Other             |       |       |       |    56 |       |       ||    56
       Tower shield      |       |       |       |   202 |  1562 |   742 ||  2506
       Reflection        |       |       |       |    18 |    81 |    64 ||   163

Table legend: (Time is in decaauts)
 A = Elapsed time spent in this place.
 B = Non-inter-level travel time spent in this place.
 C = Inter-level travel time spent in this place.
 D = Time resting spent in this place.
 E = Time spent auto-exploring this place.
 F = Levels seen in this place.
 G = Mean time per level.
                   A        B        C        D        E       F      G
               +--------+--------+--------+--------+--------+-----+--------+
         Total |  27470 |  26335 |   1135 |      0 |  20387 |  26 | 1056.5 |
       Dungeon |  16876 |  16064 |    812 |      0 |  13151 |  15 | 1125.1 |
          Lair |   4354 |   4171 |    183 |      0 |   3043 |   5 |  870.8 |
  Orcish Mines |   2203 |   2114 |     89 |      0 |   1398 |   2 | 1101.5 |
   Elven Halls |   2995 |   2946 |     49 |      0 |   1921 |   3 |  998.3 |
        Bailey |   1040 |   1040 |      0 |      0 |    872 |   1 | 1040.0 |
               +--------+--------+--------+--------+--------+-----+--------+

Top non-repeatable levels by time:
    D:12: 2435 daAuts
   Orc:2: 1638 daAuts
     D:4: 1637 daAuts
     D:9: 1622 daAuts
   Elf:2: 1292 daAuts
  Lair:3: 1263 daAuts
  Lair:5: 1205 daAuts
     D:7: 1197 daAuts
     D:8: 1169 daAuts
     D:3: 1136 daAuts
    D:15: 1095 daAuts
    D:14: 1061 daAuts
  Bailey: 1040 daAuts
    D:11: 998 daAuts
   Elf:3: 899 daAuts
